 Dungeon Crawl Stone Soup version 0.19.5 (webtiles) character file.

192 MovingMist the Skirmisher (level 5, 0/34 HPs)
             Began as a Gargoyle Fighter on Apr 6, 2017.
             Killed from afar by an orc wizard (9 damage)
             ... with a puff of flame
             ... on level 3 of the Dungeon.
             The game lasted 00:06:25 (2395 turns).

MovingMist the Skirmisher (Gargoyle Fighter)        Turns: 2395, Time: 00:06:26

Health: 0/34       AC: 12    Str: 19    XL:     5   Next: 71%
Magic:  5/5        EV:  8    Int:  9    God:
Gold:   132        SH:  9    Dex: 10    Spells: 0 memorised, 4 levels left

rFire  . . .     SeeInvis .     e - +1 short sword (flame)
rCold  . . .     Gourm    .     b - +0 scale mail
rNeg   + . .     Faith    .     c - +0 shield
rPois  ∞         Spirit   .     (no helmet)
rElec  +         Reflect  .     (no cloak)
rCorr  .         Harm     .     x - +0 pair of gloves
MR     .....                    (no boots)
Stlth  ..........               (no amulet)
                                (no ring)
                                l - ring of wizardry

@: no status effects
A: negative energy resistance 1, electricity resistance, unbreathing,
petrification resistance, rot immunity, AC +4
a: no special abilities


You were on level 3 of the Dungeon.
You were not hungry.

You visited 1 branch of the dungeon, and saw 4 of its levels.

You collected 132 gold pieces.

Inventory:

Hand Weapons
 e - a +1 short sword of flaming (weapon)
Missiles
 j - a throwing net (quivered)
Armour
 b - a +0 scale mail (worn)
 c - a +0 shield (worn)
 g - a +0 plate armour
 x - a +0 pair of gloves (worn)
Jewellery
 l - a ring of wizardry (left hand)
Wands
 a - a wand of confusion (26/48)
 n - a wand of slowing (11/48)
 w - a wand of lightning (1/15)
Scrolls
 k - 2 scrolls of enchant weapon
 p - a scroll of magic mapping {unknown}
 q - a scroll of fear {unknown}
 t - a scroll of blinking
 u - 2 scrolls of identify {unknown}
 v - a scroll of random uselessness {unknown}
Potions
 d - a potion of might
 h - 2 potions of curing {unknown}
 i - 3 potions of heal wounds {unknown}
 m - a potion of resistance {unknown}
 o - 2 potions of brilliance {unknown}
 r - a potion of haste {unknown}
 s - a potion of invisibility {unknown}
Comestibles
 f - 3 bread rations


   Skills:
 + Level 4.5 Fighting
 + Level 1.4 Short Blades
   Level 2.5 Maces & Flails
 - Level 3.2 Armour
 * Level 2.8 Dodging
 - Level 3.2 Shields


You had 4 spell levels left.
You didn't know any spells.

Dungeon Overview and Level Annotations

Branches:
Dungeon (4/15)
 Temple: D:4-7

Altars:


Innate Abilities, Weirdness & Mutations

You are resistant to torment.
Your stone body is resilient. (AC +4)
You are immune to poison.
You resist negative energy. (rN+)
You are resistant to electric shocks. (rElec)
You can survive without breathing.
You are immune to petrification.
You are immune to rotting.


Message History

You miss something.
You hear some strange, mumbled words.
A magic dart appears from out of thin air!
The magic dart hits you!
* * * LOW HITPOINT WARNING * * *
Your shield and scale mail prevent you from hitting something.
You hear some strange, mumbled words.
A magic dart appears from out of thin air!
The magic dart hits you!
You puncture something! You burn something.
Something hits you but does no damage.
You miss something. Something hits you but does no damage.
You miss something. Something hits you but does no damage.
You miss something. Something hits you but does no damage.
You block something's attack.
You closely miss something.
You hear some strange, mumbled words.
A puff of flame appears from out of thin air!
The puff of flame hits you!
You die...

#......# #..##......####
#......# #...#.######
#......# #.#.......#
##......#####.#...###.#
..................# #.#
..............##..# #.#
...####.......###>###.##
...# #.......##.).....#
...# #.......##@{.....#
#### #.......##.......#
#.......##.......#
#.......##.......#
#.......##.......#
#.......##.......#
#.......##.......#
#.......##..)....#
#.......##.).....#


There were no monsters in sight!

Vanquished Creatures
  A worker ant (D:3)
  7 adders
  3 gnolls (D:3)
  An ooze (D:2)
  A worm (D:3)
  2 dart slugs
  A leopard gecko (D:1)
  2 orcs (D:3)
  2 bats (D:1)
  2 giant cockroaches
  8 goblins
  11 hobgoblins
  2 jackals (D:1)
  13 kobolds
  A quokka (D:2)
  2 ball pythons (D:3)
  4 frilled lizards
  5 rats
68 creatures vanquished.

Notes
Turn   | Place    | Note
-------+----------+-------------------------------------------
     0 | D:1      | MovingMist the Gargoyle Fighter began the quest for the Orb.
     0 | D:1      | Reached XP level 1. HP: 14/14 MP: 1/1
   184 | D:1      | Reached XP level 2. HP: 18/19 MP: 2/2
   196 | D:1      | Reached skill level 1 in Dodging
   676 | D:1      | Reached XP level 3. HP: 18/23 MP: 3/3
  1134 | D:2      | Reached XP level 4. HP: 28/28 MP: 4/4
  1808 | D:3      | Reached skill level 1 in Short Blades
  1878 | D:3      | Reached skill level 4 in Fighting
  2014 | D:3      | Reached XP level 5. HP: 25/33 MP: 5/5
  2395 | D:3      | Killed from afar by an orc wizard

Skill      XL: |  1  2  3  4 |
---------------+-------------+-----
Dodging        | 1 2 |  2.8
Short Blades   | 1 |  1.4
Fighting       | 4 |  4.5
Maces & Flails | |  2.5
Armour         | |  3.2
Shields        | |  3.2

Action                   |  1- 3 |  4- 6 || total
-------------------------+-------+-------++-------
Melee: Flail             |    15 |       ||    15
       Whip              |    73 |       ||    73
       Short sword       |    32 |   171 ||   203
Throw: Throwing net      |       |     1 ||     1
  Use: Scroll            |     5 |       ||     5
  Eat: Chunk             |     1 |     4 ||     5
Armor: Scale mail        |    48 |    80 ||   128
Dodge: Dodged            |    33 |    48 ||    81
Block: Shield            |    52 |    84 ||   136
